 Dungeon Crawl Stone Soup version 0.20-a0-1122-gb7cbeb9 (webtiles) character file.

26607 JeffiDaFish the Basher (level 13, 0/82 HPs)
             Began as a Gargoyle Fighter on May 13, 2017.
             Was the Champion of Okawaru.
             Engulfed by an ice statue's freezing vapour (17 damage)
             ... in an ice cave.
             The game lasted 00:31:59 (13074 turns).

JeffiDaFish the Basher (Gargoyle Fighter)          Turns: 13074, Time: 00:31:59

Health: 0/82       AC: 33    Str: 24    XL:     13   Next: 27%
Magic:  13/13      EV:  8    Int: 10    God:    Okawaru [******]
Gold:   203        SH: 16    Dex: 25    Spells: 5/12 levels left

rFire    + . .     SeeInvis .   h - +2 morningstar (freeze)
rCold    . . .     Gourm    .   c - +1 shield
rNeg     + . .     Faith    .   D - +2 plate armour {rC+}
rPois    ∞         Spirit   .   l - +0 hat
rElec    +         Reflect  .   I - +0 cloak
rCorr    .         Harm     .   v - +1 pair of gloves
MR       +....     Clarity  +   J - +2 pair of boots {Stlth+}
Stlth    ..........             w - amulet of regeneration
Regen    0.7/turn               n - +6 ring of dexterity
MPRegen  0.2/turn               H - ring "Bafeco" {Fire rElec Str+4 Dex+4}

@: no status effects
A: agile 1, clarity, magic resistance 1, negative energy resistance 1,
electricity resistance, unbreathing, petrification resistance, rot immunity, AC
+9
a: Heroism, Finesse, Renounce Religion


You were in an ice cave.
You worshipped Okawaru.
Okawaru was exalted by your worship.
You were hungry.

You visited 3 branches of the dungeon, and saw 15 of its levels.
You also visited: Ossuary and Ice Cave.

You collected 838 gold pieces.
You spent 635 gold pieces at shops.

Inventory:

Hand Weapons
 h - a +2 morningstar of freezing (weapon)
Armour
 c - a +1 shield (worn)
 l - a +0 hat (worn)
 v - a +1 pair of gloves (worn)
 D - a +2 plate armour of cold resistance (worn)
 I - a +0 cloak (worn)
 J - a +2 pair of boots of stealth (worn)
Jewellery
 g - an uncursed ring of resist corrosion
 n - a +6 ring of dexterity (left hand)
 w - an amulet of regeneration (around neck)
 H - the ring "Bafeco" (right hand) {Fire rElec Str+4 Dex+4}
   (You found it on level 9 of the Dungeon)

   [ring of fire]

   It enhances your fire magic.
   It affects your strength (+4).
   It affects your dexterity (+4).
   It protects you from fire.
   It makes you vulnerable to cold.
   It insulates you from electricity.
Wands
 a - a wand of flame (1/48)
 x - a wand of polymorph (13/24)
Scrolls
 b - 2 scrolls of blinking
 j - 2 scrolls of fog
 o - 4 scrolls of teleportation
 p - 2 scrolls of fear
 r - a scroll of magic mapping
 t - 11 scrolls of remove curse
 u - 3 scrolls of amnesia
 y - 3 scrolls of identify
Potions
 d - 2 potions of brilliance
 e - 6 potions of curing
 k - 2 potions of ambrosia
 m - 2 potions of heal wounds
 s - 4 potions of cancellation
 z - 2 potions of resistance
 A - 3 potions of might
 C - 3 potions of agility
Books
 F - a book of Power

   Spells                             Type                      Level
   a - Iskenderun's Battlesphere      Conjuration/Charms           5
   b - Venom Bolt                     Conjuration/Poison           5
   c - Bolt of Magma                  Conjuration/Fire/Earth       5
   d - Iron Shot                      Conjuration/Earth            6
   e - Orb of Destruction             Conjuration                  7
   f - Spellforged Servitor           Conjuration/Summoning        7
 G - a book of Frost

   Spells                             Type                      Level
   a - Freeze                         Ice                          1
   b - Throw Frost                    Conjuration/Ice              2
   c - Ozocubu's Armour               Charms/Ice                   3
   d - Throw Icicle                   Conjuration/Ice              4
   e - Summon Ice Beast               Ice/Summoning                4
Comestibles
 f - 8 bread rations
 q - 27 royal jellies
 B - 3 meat rations
 E - 7 fruits


   Skills:
 + Level 10.0 Fighting
 + Level 13.5 Maces & Flails
 + Level 9.9 Armour
 + Level 2.1 Dodging
 + Level 1.2 Stealth
 + Level 13.2 Shields
 + Level 1.2 Evocations


You had 5 spell levels left.
You knew the following spells:

 Your Spells              Type           Power        Failure   Level  Hunger
a - Orb of Destruction    Conj           #.........   100%        7    #######


Dungeon Overview and Level Annotations

Branches:
Dungeon (10/15)            Temple (1/1) D:6            Lair (4/6) D:10
  Swamp (0/4) Lair:4       Spider (0/4) Lair:2
    Orc: D:9-12

Altars:
Ashenzari
Cheibriados
Dithmenos
Elyvilon
Fedhas
Gozag
Hepliaklqana
Kikubaaqudgha
Nemelex Xobeh
Okawaru
Qazlal
Ru
Sif Muna
Trog
Uskayaw
Vehumet
Xom
Yredelemnul
Zin
The Shining One

Shops:
D:5 ?   D:6 %   D:9 =}[

Annotations:
IceCv exclusion: 2 ice statues


Innate Abilities, Weirdness & Mutations

You are resistant to torment.
Your stone body is resilient. (AC +9)
You are immune to poison.
You resist negative energy. (rN+)
You are resistant to electric shocks. (rElec)
You can survive without breathing.
You are immune to petrification.
You are immune to rotting.
You are agile. (Dex +2)
You possess an exceptional clarity of mind.
You are resistant to hostile enchantments. (MR+)


Message History

* * * LOW HITPOINT WARNING * * *
The ice statue gestures at you. The bolt of cold hits you!
* * * LOW HITPOINT WARNING * * *
You feel much better.
The ice beast hits you but does no damage.
You hit the ice statue but do no damage.
The ice statue is severely damaged.
The ice statue gestures at you. The freezing blast engulfs you!
You block the ice beast's attack. x2
You puncture the ice statue!
The ice statue is almost destroyed.
You are engulfed in freezing vapours.
* * * LOW HITPOINT WARNING * * *
The ice statue gestures at you. You block the shard of ice.
You puncture the ice statue!
The ice statue is almost destroyed.
You are engulfed in freezing vapours.
You die...

#8.#'#'#'#'### #.4#
..#.......'.# +44#
#.#.8.8.8.########
#.#§...........#..
#§§§§..........'..
#§#§...........#..
#.#####§#§8.8.8.########
#....YYY#.......'.# +.4#
######8@#'#'#'#'### #..#
##§#.#.#.#.# ####
#§######### #. #§+ ##
###


You could see an ice statue and 3 ice beasts.

Vanquished Creatures
  2 hydras
  4 two-headed ogres
  Pikel (D:4)
  An oklob plant (D:10)
  An ugly thing (D:10)
  A wolf spider (Lair:2)
  5 elephants (Lair:3)
  Joseph (Lair:1)
  2 ice statues (IceCv)
  2 spiny frogs
  A rime drake (Lair:4)
  8 komodo dragons
  4 ice devils (IceCv)
  A troll (D:7)
  A queen bee (Lair:3)
  A hornet (D:9)
  3 polar bears (Lair:4)
  10 blink frogs
  2 hippogriffs
  9 yaks
  2 basilisks (Lair:3)
  A hungry ghost (D:10)
  5 water moccasins
  5 orc warriors
  8 porcupines
  A black bear (D:9)
  A phantom (D:4)
  An ice beast (D:10)
  12 wolves
  6 ogres
  3 centaurs
  8 crocodiles
  A big kobold (D:7)
  2 elf zombies (D:7)
  7 bullfrogs
  An elf skeleton (D:7)
  A water moccasin zombie (D:6)
  3 wyvern zombies
  3 scorpions
  28 killer bees
  3 wights (D:7)
  6 electric eels (D:7)
  5 howler monkeys
  3 crimson imps
  3 bullfrog zombies (D:6)
  A draconian simulacrum (IceCv)
  6 hounds
  5 jellies
  2 bullfrog skeletons
  4 centaur skeletons
  3 human zombies (D:7)
  4 orc priests
  2 human skeletons (D:7)
  5 orc wizards
  3 iguanas
  Terence (D:2)
  4 troll simulacra (IceCv)
  5 worker ants
  3 centaur simulacra (IceCv)
  12 mummies (Ossuary)
  A worker ant zombie (D:10)
  7 adders
  A naga simulacrum (IceCv)
  An ogre simulacrum (IceCv)
  A river rat (D:8)
  2 shadow imps
  5 oozes (D:8)
  An adder zombie (D:6)
  An adder skeleton (D:10)
  5 worms
  3 dart slugs (D:2)
  5 leopard geckos
  35 orcs
  6 giant cockroaches
  7 goblins
  11 hobgoblins
  15 jackals
  10 kobolds
  A quokka (D:7)
  2 ball pythons
  9 bats
  5 frilled lizards
  A gnoll skeleton (Ossuary)
  2 goblin skeletons (Ossuary)
  A jackal zombie (D:5)
  2 kobold skeletons (Ossuary)
  A leopard gecko skeleton (D:4)
  4 orc skeletons
  2 orc zombies (D:7)
  7 rats
  11 rat skeletons (Ossuary)
  A fungus (Lair:4)
  A plant (D:10)
406 creatures vanquished.

Vanquished Creatures (others)
  A fungus (Lair:1)
  A plant (D:7)
2 creatures vanquished.

Grand Total: 408 creatures vanquished

Notes
Turn   | Place    | Note
-------+----------+-------------------------------------------
     0 | D:1      | JeffiDaFish the Gargoyle Fighter began the quest for the Orb.
     0 | D:1      | Reached XP level 1. HP: 14/14 MP: 1/1
   199 | D:1      | Reached XP level 2. HP: 19/19 MP: 2/2
   738 | D:2      | Reached XP level 3. HP: 13/23 MP: 3/3
  1209 | D:2      | Found a shadowy altar of Dithmenos.
  1305 | D:2      | Reached XP level 4. HP: 29/29 MP: 4/4
  1467 | D:2      | Noticed Terence
  1475 | D:2      | Killed Terence
  1485 | D:2      | Found a radiant altar of Vehumet.
  1663 | D:3      | Noticed an ogre
  1675 | D:3      | Killed an ogre
  1675 | D:3      | Reached XP level 5. HP: 22/33 MP: 5/5
  1700 | D:3      | Found a sparkling altar of Nemelex Xobeh.
  2104 | D:3      | Reached XP level 6. HP: 38/38 MP: 6/6
  2393 | D:4      | Noticed a phantom
  2460 | D:4      | Killed a phantom
  2648 | D:4      | Reached skill level 5 in Shields
  2648 | D:4      | Reached XP level 7. HP: 11/44 MP: 7/7
  3274 | D:4      | Found a bloodstained altar of Trog.
  3382 | D:4      | Noticed Pikel
  3398 | D:4      | Killed Pikel
  3398 | D:4      | Reached skill level 5 in Armour
  3398 | D:4      | Reached XP level 8. HP: 48/48 MP: 8/8
  3411 | D:4      | Gained mutation: You are resistant to hostile enchantments. (MR+) [potion of mutation]
  3411 | D:4      | Gained mutation: You are agile. (Dex +2) [potion of mutation]
  3411 | D:4      | Gained mutation: You possess an exceptional clarity of mind. [potion of mutation]
  3788 | D:5      | Entered Level 5 of the Dungeon
  3887 | D:5      | Reached skill level 5 in Fighting
  3930 | D:5      | Found Cumo's Magic Scroll Shoppe.
  3962 | D:5      | Bought a scroll of remove curse for 33 gold pieces
  3962 | D:5      | Bought a scroll of enchant armour for 82 gold pieces
  4080 | D:5      | Got a pair of blackened boots
  4086 | D:5      | Identified the +0 pair of boots of Evolution {+Inv rElec Stlth-} (You found it on level 5 of the Dungeon)
  4628 | D:6      | Found a staircase to the Ecumenical Temple.
  4638 | Temple   | Entered the Ecumenical Temple
  4739 | Temple   | Became a worshipper of Warmaster Okawaru
  4785 | D:6      | Reached skill level 1 in Dodging
  4813 | D:6      | Found Rakualif's Food Emporium.
  4990 | D:6      | Reached XP level 9. HP: 54/54 MP: 9/9
  5157 | D:6      | Found a blossoming altar of Fedhas.
  5168 | D:6      | Found an ancient bone altar of Kikubaaqudgha.
  5409 | D:6      | Reached * piety under Okawaru
  5813 | D:7      | Reached ** piety under Okawaru
  5831 | D:7      | Found a sand-covered staircase.
  5874 | Ossuary  | Entered an ossuary
  6575 | D:7      | Noticed a troll
  6592 | D:7      | Killed a troll
  6592 | D:7      | Reached XP level 10. HP: 45/61 MP: 10/10
  7131 | D:8      | Reached skill level 1 in Stealth
  7236 | D:8      | Noticed a two-headed ogre
  7308 | D:8      | Found a hazy altar of Hepliaklqana.
  7464 | D:8      | Found a glowing silver altar of Zin.
  7517 | D:8      | Noticed a two-headed ogre
  7528 | D:8      | Noticed a two-headed ogre
  7528 | D:8      | Killed a two-headed ogre
  7528 | D:8      | Reached *** piety under Okawaru
  7543 | D:8      | Killed a two-headed ogre
  7543 | D:8      | Reached skill level 10 in Maces & Flails
  7543 | D:8      | Reached skill level 1 in Evocations
  7671 | D:8      | Killed a two-headed ogre
  8068 | D:9      | Found Uneid's Jewellery Emporium.
  8079 | D:9      | Got a smoking glass ring
  8080 | D:9      | Identified the ring "Bafeco" {Fire rElec Str+4 Dex+4} (You found it on level 9 of the Dungeon)
  8160 | D:9      | Reached skill level 10 in Shields
  8163 | D:9      | Reached **** piety under Okawaru
  8184 | D:9      | Reached XP level 11. HP: 65/67 MP: 11/11
  8274 | D:9      | Found Deyrotwa's Gadget Emporium.
  8320 | D:9      | Found Caiz's Armour Shop.
  8345 | D:9      | Bought a +2 plate armour of cold resistance for 520 gold pieces
  8561 | D:9      | Noticed a two-headed ogre
  8570 | D:9      | Killed a two-headed ogre
  8772 | D:10     | Entered Level 10 of the Dungeon
  8772 | D:10     | Noticed an oklob plant
  8773 | D:10     | Found a staircase to the Lair.
  8789 | D:10     | Killed an oklob plant
  8789 | D:10     | Reached ***** piety under Okawaru
  9294 | D:10     | Learned a level 7 spell: Orb of Destruction
  9463 | D:10     | Noticed a brown ugly thing
  9488 | D:10     | Killed a brown ugly thing
  9537 | Lair:1   | Entered Level 1 of the Lair of Beasts
  9608 | Lair:1   | Received a gift from Okawaru
  9762 | Lair:1   | Noticed Joseph
  9768 | Lair:1   | Killed Joseph
 10012 | Lair:1   | Noticed an eight-headed hydra
 10021 | Lair:1   | Killed an eight-headed hydra
 10021 | Lair:1   | Reached XP level 12. HP: 56/75 MP: 12/12
 10733 | Lair:2   | Found a hole to the Spider Nest.
 11411 | Lair:3   | Reached ****** piety under Okawaru
 11514 | Lair:3   | Noticed a six-headed hydra
 11524 | Lair:3   | Killed a six-headed hydra
 11587 | Lair:3   | Received a gift from Okawaru
 12082 | Lair:3   | Reached XP level 13. HP: 79/81 MP: 13/13
 12465 | Lair:4   | Found a staircase to the Swamp.
 12501 | Lair:4   | Found a frozen archway.
 12585 | IceCv    | Entered an ice cave
 12739 | IceCv    | Reached skill level 10 in Fighting
 13074 | IceCv    | Engulfed by an ice statue's freezing vapour

Vault maps used:
D:1:      kennysheep_arrival_forest
D:2:      marbit_many_paths, first_bread, grunt_dithmenos_smoke_and_mirrors,
          uniq_terence
D:3:      lemuel_crystal_altar
D:4:      trog_hazing_becter, uniq_pikel
D:5:      serial_shops, nicolae_shop_stone
D:6:      grunt_temple_overflow_growth_and_decay,
          minmay_temple_entry_junction_2, serial_undead, serial_undead_d,
          serial_undead_d, serial_undead_b, serial_undead_c, serial_shops,
          nicolae_shop_temple_entry_statues_fountains
D:7:      cheibrodos_two_vegetables, nicolae_ossuary_entry_catacombs
D:8:      lemuel_doored_altar, zin_statuary, hangedman_little_slice_of_home,
          serial_bayou_pond_d
D:9:      serial_shops, shop_coins, nicolae_shop_statue_plus, shop
D:10:     dpeg_oklobed_lair, minmay_misc_feat_nine_boxes
Temple:   regret_index_temple_sphere_string
Lair:1:   minivault_25, serial_bayou_lagoon_a, lemuel_fruit_tree,
          grunt_megastairs_5, uniq_joseph
Lair:2:   spider_nest_entry_rubble
Lair:3:   special_room
Lair:4:   minmay_swamp_entry_reptiles, portal_ice_cave_entry_animals_and_master,
          hangedman_lair_unloving_vines, hangedman_lair_generics_rect,
          uniq_nergalle
Ossuary:  ossuary_due_small_catacomb
IceCv:    ice_cave_tombish

Skill      XL: |  1  2  3  4  5  6  7  8  9 10 11 12 13 |
---------------+----------------------------------------+-----
Maces & Flails | 3 4 6 7 9 10 11 13 | 13.5
Fighting       | 4 5 6 7 8 9 10 | 10.0
Shields        | 4 5 6 7 8 10 11 12 13 | 13.2
Armour         | 4 5 6 7 8 9 |  9.9
Dodging        | 1 2 |  2.1
Stealth        | 1 |  1.2
Evocations     | 1 |  1.2

Action                   |  1- 3 |  4- 6 |  7- 9 | 10-12 | 13-15 || total
-------------------------+-------+-------+-------+-------+-------++-------
Melee: Flail             |   176 |   161 |   703 |   541 |       ||  1581
       Morningstar       |       |       |       |   365 |   208 ||   573
Evoke: Wand              |       |       |       |     6 |     3 ||     9
  Use: Scroll            |     4 |     5 |    10 |     8 |     1 ||    28
       Potion            |     3 |     5 |     4 |     2 |     1 ||    15
  Eat: Chunk             |     2 |     4 |    12 |    23 |     3 ||    44
       Royal jelly       |       |       |     1 |       |       ||     1
Armor: Scale mail        |    99 |       |       |       |       ||    99
       Plate armour      |       |   110 |   322 |   399 |    99 ||   930
Dodge: Dodged            |    31 |    25 |   100 |   181 |    49 ||   386
Block: Shield            |   101 |   112 |   436 |   600 |   149 ||  1398
